← All builds
Tech / Armada / Economy first / OBSERVED BUILD

Standard tech

Armada Tech (Eco) build order · Supreme Isthmus

Rushes T2 factory and Advanced Metal Extractor while supplying T2 and T1 constructors to teammates like Geo, then transitions into Citadel/Platypus/Umbrella defence as the game develops.

Usually first T2 con to Geo (84%)

#eco #t2 #team support · 833 distinct matches · 112 players · 59% of Armada Tech games · team won 53% of 958 · Recently observed

HOW TO PLAY IT

Key timing: T2 factory by 4:15

  1. Open mex and wind, start bot lab right away.
  2. Get bot lab up and begin feeding early cons.
  3. Start advanced bot lab to rush T2 factory.
  4. Finish T2 factory and push advanced metal extractor by 5:29.
  5. Build Citadel, Platypus and Umbrella as anti-nuke defence transition.

Phase by phase

TYPICAL OF ITS 833 GAMES
  1. 1
  2. 2
  3. 3
  4. 4
PLAY THE OPENING

Follow the example game's first 6:00 step by step: what to build now, what comes next, and where it goes. At 1× it keeps pace with your own game.

  1. 1

    Up to the Bot Lab

    Economy
    • Metal Extractor3Mex
    • Wind Turbine4Wind
    Order
    1. Bot LabBot Lab after 3 mex, 4 winddone ~1:18, middle half 1:13–1:32

    Some games also: energy storage (30%)

    By 1:01 in all: 3 mex · 4 wind

    The example game in this phase · 5 steps
    1. Mex ×2
    2. Wind
    3. Mex
    4. Wind ×2
    5. Bot LabBot Labdone 1:09 · typical 1:18
  2. 2

    Bot Lab to Advanced Bot Lab

    Economy
    • Metal Extractor1Mex
    • Wind Turbine8Wind
    • Energy Storage1Energy storage
    Order
    1. Advanced Bot LabAdvanced Bot Lab after 4 mex, 12 wind, 3 con turretdone ~4:15, middle half 4:04–4:28
    Builders
    • Construction Turret3 Con turret
    • Lazarus3 Lazarus
    • Construction Bot2 Con bot
    • Construction Bot1 Con bot for allies

    Some games also: converter (36%)

    By 3:19 in all: 4 mex · 12 wind · 1 energy storage · 3 con turret

    The example game in this phase · 14 steps
    1. Wind
    2. LazarusLazarus
    3. Wind ×3
    4. LazarusLazarus ×2
    5. Construction BotCon bot
    6. Wind
    7. Construction BotCon bot
    8. Energy storage
    9. Con turret
    10. TickTick
    11. Mex
    12. TickTick ×2
    13. Con turret
    14. Advanced Bot LabAdvanced Bot Labdone 4:10 · typical 4:15
  3. 3

    Advanced Bot Lab to 5:00

    Economy
    • Wind Turbine2Wind
    Builders
    • Advanced Construction Bot1 T2 con bot for allies

    Some games also: converter (35%)

    By 5:00 in all: 4 mex · 15 wind · 2 converter · 1 energy storage · 3 con turret

    The example game in this phase · 3 steps
    1. Advanced Construction BotT2 con botfor Air
    2. Advanced Metal ExtractorT2 mexdone 5:15 · typical 5:29
    3. Converter
  4. 4

    5:00 to 10:00

    Economy
    • Wind Turbine44Wind
    • Energy Converter6Converter
    Builders
    • Butler8 Butler
    • Advanced Construction Bot4 T2 con bot for allies
    • Advanced Construction Bot1 T2 con bot

    Some games also: con turret (48%) · Butler for allies (37%)

    By 10:00 in all: 4 mex · 59 wind · 8 converter · 1 energy storage · 3 con turret

    The example game in this phase · 140 steps
    1. Advanced Construction BotT2 con bot
    2. Wind
    3. Advanced Metal ExtractorT2 mex
    4. Wind
    5. Advanced Metal ExtractorT2 mex
    6. Wind ×2
    7. Advanced Construction BotT2 con botfor Suicide front
    8. Wind ×3
    9. Energy storage
    10. Advanced Metal ExtractorT2 mex
    11. Wind ×5
    12. Advanced Construction BotT2 con botfor Geo sea
    13. Wind
    14. Advanced Construction BotT2 con botfor Beach sea
    15. Wind
    16. Advanced Construction BotT2 con botfor Suicide front
    17. Wind ×2
    18. ButlerButler
    19. Wind
    20. ButlerButler
    21. Wind
    22. ButlerButler ×3
    23. Con turret
    24. PlatypusPlatypus
    25. Con turret
    26. Wind ×3
    27. PlatypusPlatypus
    28. Wind ×2
    29. PlatypusPlatypus
    30. Converter
    31. Wind ×2
    32. PlatypusPlatypus
    33. Wind ×2
    34. PlatypusPlatypus
    35. Wind ×2
    36. PlatypusPlatypus
    37. Wind ×3
    38. PlatypusPlatypus
    39. Wind ×2
    40. PlatypusPlatypus
    41. Wind ×2
    42. PlatypusPlatypus
    43. Wind
    44. PlatypusPlatypus
    45. Wind ×3
    46. PlatypusPlatypus
    47. Wind ×4
    48. PlatypusPlatypus
    49. Wind ×2
    50. Advanced Construction BotT2 con bot
    51. Wind ×3
    52. ButlerButler
    53. Wind ×2
    54. ButlerButler
    55. Wind ×2
    56. ButlerButler
    57. Wind ×2
    58. ButlerButler
    59. Wind ×4
    60. ButlerButler
    61. Converter
    62. Wind ×2
    63. ButlerButler
    64. Converter
    65. RecluseReclusedone 11:40
    66. Wind ×3
    67. Converter
    68. Wind ×5
    69. UmbrellaAnti-nukenot finished by 15:00
    70. Wind ×3
    71. Advanced Construction BotT2 con botfor Suicide front
    72. Wind ×3
    73. Converter
    74. Wind ×3
    75. Converter
    76. Wind ×3
    77. Converter
    78. Wind ×3
    79. Converter
    80. UmbrellaAnti-nuke
    81. Wind ×3
    82. Converter
    83. Wind ×3
    84. Converter
    85. Wind ×3
    86. Converter
    87. Wind ×3
    88. Converter
    89. Wind ×3
    90. Converter
    91. Advanced Construction BotT2 con bot
    92. Wind ×3
    93. Converter
    94. Wind ×3
    95. ButlerButler
    96. Converter
    97. Wind
    98. ButlerButler
    99. Wind ×2
    100. Fusion ReactorFusionnot finished by 15:00
    101. ButlerButler
    102. Converter
    103. Wind ×3
    104. Converter
    105. Wind ×3
    106. Converter
    107. Wind ×5
    108. Converter
    109. Wind ×3
    110. Converter
    111. Wind ×4
    112. Converter
    113. Wind ×3
    114. Converter
    115. Wind ×3
    116. Converter
    117. Wind ×3
    118. Converter
    119. Wind ×3
    120. Con turret
    121. Wind ×2
    122. Converter
    123. Wind ×5
    124. Converter
    125. Wind ×6
    126. Converter
    127. Wind ×4
    128. Converter
    129. Wind ×5
    130. Con turret
    131. Converter
    132. Wind ×3
    133. Con turret
    134. Wind ×2
    135. Converter
    136. Wind ×2
    137. Con turret
    138. Wind ×2
    139. Converter
    140. Wind ×3

Counts are medians over the build's games: half of them build more, half fewer. The example game is Ev1lPotat0's (40 OS, 02/10/2026); pick another.

Team trades

IN AT LEAST 30% OF ITS GAMES

You hand over

  • Construction Bot1 Con bot to Airfirst at 2:22 · in 87% of games
  • Advanced Construction Bot5 T2 con bot to Air or Geo sea or Pondfirst at 4:48 · in 99% of games
  • Sharpshooter2 Sniper bot to Pondfirst at 5:21 · in 32% of games
  • Butler2 Butler to Geo sea or Beach sea or Pondfirst at 9:04 · in 41% of games

You get

  • Hercules1 Light transport from Airfirst at 4:00 · in 85% of games

How it plays out

Typical game of this build, running totals by minute

Metal produced

020k40k
0:005:0010:0015:00

metal

Enemy metal destroyed

0200400
0:005:0010:0015:00

metal

Own metal lost

0100200300
0:005:0010:0015:00

metal

958 games.

Show as table
ByMetal produced: This buildEnemy metal destroyed: This buildOwn metal lost: This build
1:0038300
2:0091600
3:00164300
4:00315600
5:00486400
6:00580500
7:00723000
8:00907900
9:001124800
10:001357600
11:001642100
12:001998800
13:002374500
14:002753685106
15:0031617313235
WHAT THE NUMBERS SAY

This is the role's textbook T2 rush, posting the highest metal production of any build shown (31617 by 15:00) with almost no early losses.

  • + T2 factory done by 4:15 in 97% of games, extremely consistent.
  • + Own metal lost is only 228 by 15:00, near untouched economy.
  • − Team win rate is the lowest of all builds shown at 53%, fast eco alone doesn't decide games.
THE EXAMPLE YOU ARE READING

Ev1lPotat0

39.6 OS · 02/10/2026

Open source match ↗

1 received units
918 metal received · 60604 energy received

Allied construction assistance is unknown. Timings are observations, not a promise of solo reproducibility.

Typical milestones

Bot Lab1:18Middle 50%: 1:13–1:32 · n=958
Advanced Bot Lab4:15Middle 50%: 4:04–4:28 · n=952
Advanced Metal Extractor5:29Middle 50%: 5:06–5:59 · n=956

Played most by

Amrissa101games of this buildKOT_45games of this buildSyphos40games of this buildAdeus39games of this buildTeaner34games of this build
Standard tech · Armada Tech (Eco) build order · BAR Build Atlas